3AAA
NOLENSVILLE KNIGHTS @ ELLENBURG FIGHTING DACHSUNDS
07/01/2042
 
TOP OF THE 1ST
Nolensville Knights batting - Pitching for Ellenburg Fighting Dachsunds : LHP Zi-cheng Pei
Pitching: LHP Zi-cheng Pei
Batting: LHB Brian Harmon 0-0: Ball
1-0: Foul Ball, location: 2F
1-1: Ball
2-1: SINGLE (Groundball, 23, EV 61.2 MPH) (infield hit)
Batting: LHB Russell Hamilton 0-0: Called Strike
0-1: Called Strike
0-2: Ball
1-2: Strikes out swinging
Batting: RHB Omar Luoa 0-0: Foul Ball, location: 2F
0-1: Called Strike
0-2: Ball
1-2: Foul Ball, location: 2F
1-2: Fly out, F7 (Flyball, 7D, EV 90.6 MPH)
Batting: RHB Dale Goodman 0-0: Ball
1-0: Swinging Strike
1-1: Ball
2-1: Fly out, F8 (Flyball, 8RM, EV 90.6 MPH)
Top of the 1st over - 0 runs, 1 hit, 0 errors, 1 left on base; Nolensville 0 - Ellenburg 0
BOTTOM OF THE 1ST
Ellenburg Fighting Dachsunds batting - Pitching for Nolensville Knights : RHP Greg Poe
Pitching: RHP Greg Poe
Batting: LHB Javier Castro 0-0: Ball
1-0: Ball
2-0: Ball
3-0: Called Strike
3-1: Foul Ball, location: 2F
3-2: Base on Balls
Batting: RHB Jesse Garrett 0-0: Ball
1-0: Ball
2-0: Swinging Strike
2-1: Ball
3-1: Swinging Strike
3-2: Foul Ball, location: 2F
3-2: Foul Ball, location: 2F
3-2: Base on Balls
Javier Castro to second
Batting: LHB Mike Johnstone 0-0: Swinging Strike
0-1: Foul Ball, location: 2F
0-2: Strikes out swinging
Batting: RHB Sze Qi 0-0: Foul Ball, location: 2F
0-1: Swinging Strike
0-2: Strikes out swinging
Batting: LHB Eric Manchester 0-0: Called Strike
0-1: Ball
1-1: Ground out 4-3 (Groundball, 4, EV 85.6 MPH)
Bottom of the 1st over - 0 runs, 0 hits, 0 errors, 2 left on base; Nolensville 0 - Ellenburg 0
TOP OF THE 2ND
Nolensville Knights batting - Pitching for Ellenburg Fighting Dachsunds : LHP Zi-cheng Pei
Batting: RHB Nick McGhee 0-0: Called Strike
0-1: Ball
1-1: Foul Ball, location: 2F
1-2: Foul Ball, location: 2F
1-2: Fly out, F8 (Line Drive, 8RD, EV 94.4 MPH)
Batting: RHB Dave Maxwell 0-0: Ball
1-0: Ball
2-0: Ball
3-0: Foul Ball, location: 2F
3-1: SINGLE (Line Drive, 89S, EV 87.5 MPH)
Batting: RHB Ace Felder 0-0: Ball
1-0: Foul Ball, location: 2F
1-1: Called Strike
1-2: Strikes out looking
Batting: LHB Jorge Mateu 0-0: Foul Ball, location: 2F
0-1: Swinging Strike
0-2: Hit by Pitch
Dave Maxwell to second
Batting: RHB Juan Perales 0-0: Ball
1-0: Foul Ball, location: 2F
1-1: Ball
2-1: Swinging Strike
2-2: SINGLE (Groundball, 34D, EV 102.5 MPH)
Dave Maxwell to third
Jorge Mateu to second
Runner from 3rd tries for Home, SAFE, throw by RF to home
Batting: LHB Brian Harmon 0-0: Foul Ball, location: 2F
0-1: Ball
1-1: Fly out, F7 (Flyball, 7LMF, EV 94.4 MPH)
Top of the 2nd over - 1 run, 2 hits, 0 errors, 2 left on base; Nolensville 1 - Ellenburg 0
BOTTOM OF THE 2ND
Ellenburg Fighting Dachsunds batting - Pitching for Nolensville Knights : RHP Greg Poe
Batting: LHB Tony Worley 0-0: Ball
1-0: Swinging Strike
1-1: Swinging Strike
1-2: Foul Ball, location: 2F
1-2: Strikes out swinging
Batting: RHB Dean Bush 0-0: Called Strike
0-1: Ball
1-1: Ball
2-1: Ground out 6-3 (Groundball, 6, EV 81.9 MPH)
Batting: RHB Alexander Conley 0-0: Ball
1-0: Ball
2-0: SOLO HOME RUN (Flyball, 78XD, EV 104.4 MPH), Distance : 412 ft
Batting: RHB Kent Potter 0-0: Fly out, F4 (Line Drive, 4, EV 66.9 MPH)
Bottom of the 2nd over - 1 run, 1 hit, 0 errors, 0 left on base; Nolensville 1 - Ellenburg 1
TOP OF THE 3RD
Nolensville Knights batting - Pitching for Ellenburg Fighting Dachsunds : LHP Zi-cheng Pei
Batting: LHB Russell Hamilton 0-0: Foul Ball, location: 2F
0-1: Called Strike
0-2: Ball
1-2: Foul Ball, location: 2F
1-2: Ball
2-2: Fly out, F8 (Flyball, 78M, EV 88.1 MPH)
Batting: RHB Omar Luoa 0-0: Ball
1-0: DOUBLE (Line Drive, 7D, EV 105.0 MPH)
Batting: RHB Dale Goodman 0-0: Ball
1-0: Ball
2-0: Swinging Strike
2-1: Foul Ball, location: 2F
2-2: Foul Ball, location: 2F
2-2: Strikes out swinging
Batting: RHB Nick McGhee 0-0: Called Strike
0-1: Ball
1-1: Foul Ball, location: 2F
1-2: Fly out, F8 (Flyball, 89D, EV 86.2 MPH)
Top of the 3rd over - 0 runs, 1 hit, 0 errors, 1 left on base; Nolensville 1 - Ellenburg 1
BOTTOM OF THE 3RD
Ellenburg Fighting Dachsunds batting - Pitching for Nolensville Knights : RHP Greg Poe
Batting: LHB Javier Castro 0-0: Called Strike
0-1: Ball
1-1: Foul Ball, location: 2F
1-2: Strikes out swinging
Batting: RHB Jesse Garrett 0-0: Swinging Strike
0-1: Called Strike
0-2: Ball
1-2: Ball
2-2: Strikes out swinging
Batting: LHB Mike Johnstone 0-0: Ball
1-0: Swinging Strike
1-1: Ball
2-1: SOLO HOME RUN (Flyball, 9D, EV 100.0 MPH), Distance : 388 ft
Batting: RHB Sze Qi 0-0: Called Strike
0-1: Ball
1-1: Ball
2-1: Foul Ball, location: 2F
2-2: Ball
3-2: Foul Ball, location: 2F
3-2: Foul Ball, location: 2F
3-2: Base on Balls
Batting: LHB Eric Manchester 0-0: Ball
1-0: Ball
Sze Qi steals 2nd base
2-0: Called Strike
2-1: Ball
3-1: Foul Ball, location: 2F
3-2: Foul Ball, location: 2F
3-2: Ground out 2-3 (Groundball, 13S, EV 60.6 MPH)
Bottom of the 3rd over - 1 run, 1 hit, 0 errors, 1 left on base; Nolensville 1 - Ellenburg 2
TOP OF THE 4TH
Nolensville Knights batting - Pitching for Ellenburg Fighting Dachsunds : LHP Zi-cheng Pei
Batting: RHB Dave Maxwell 0-0: Foul Ball, location: 2F
0-1: Ball
1-1: Fly out, F9 (Flyball, 89S, EV 90.0 MPH)
Batting: RHB Ace Felder 0-0: Foul Ball, location: 2F
0-1: Fly out, F3 (Popup, 3SF, EV 84.4 MPH)
Batting: LHB Jorge Mateu 0-0: Ball
1-0: Called Strike
1-1: SINGLE (Line Drive, 78S, EV 103.1 MPH)
Batting: RHB Juan Perales 0-0: Ball
1-0: Ball
2-0: Fly out, F8 (Flyball, 8LD, EV 77.5 MPH)
Top of the 4th over - 0 runs, 1 hit, 0 errors, 1 left on base; Nolensville 1 - Ellenburg 2
BOTTOM OF THE 4TH
Ellenburg Fighting Dachsunds batting - Pitching for Nolensville Knights : RHP Greg Poe
Pitching: LHP Freddy Estrada
Batting: LHB Tony Worley 0-0: Called Strike
0-1: Ball
1-1: Ball
2-1: Ball
3-1: Swinging Strike
3-2: Base on Balls
Batting: RHB Dean Bush 0-0: SINGLE (Groundball, 6S, EV 67.5 MPH) (infield hit)
Tony Worley to second
Batting: RHB Alexander Conley 0-0: Ball
1-0: Ball
2-0: Ball
3-0: Base on Balls
Tony Worley to third
Dean Bush to second
Batting: RHB Kent Potter 0-0: Fly out, F8 (Flyball, 8LM, EV 81.9 MPH)
Runner from 3rd tags up, SCORES, throw by CF
Batting: LHB Javier Castro 0-0: Called Strike
0-1: Swinging Strike
0-2: Foul Ball, location: 2F
0-2: Ball
1-2: Foul Ball, location: 2F
1-2: Foul Ball, location: 2F
1-2: Ball
Wild Pitch!
Dean Bush to third
Alexander Conley to second
2-2: Strikes out swinging
Batting: RHB Jesse Garrett 0-0: Called Strike
0-1: Swinging Strike
0-2: Ball
1-2: Foul Ball, location: 2F
1-2: Foul Ball, location: 2F
1-2: Ball
2-2: Ball
3-2: Fly out, F5 (Popup, 5SF, EV 83.8 MPH)
Bottom of the 4th over - 1 run, 1 hit, 0 errors, 2 left on base; Nolensville 1 - Ellenburg 3
TOP OF THE 5TH
Nolensville Knights batting - Pitching for Ellenburg Fighting Dachsunds : LHP Zi-cheng Pei
Batting: LHB Brian Harmon 0-0: Swinging Strike
0-1: Ball
1-1: Swinging Strike
1-2: Strikes out swinging
Batting: LHB Russell Hamilton 0-0: Ball
1-0: Ball
2-0: Called Strike
2-1: Fly out, F7 (Flyball, 78M, EV 93.1 MPH)
Batting: RHB Omar Luoa 0-0: Ball
1-0: Called Strike
1-1: Swinging Strike
1-2: Strikes out swinging
Top of the 5th over - 0 runs, 0 hits, 0 errors, 0 left on base; Nolensville 1 - Ellenburg 3
BOTTOM OF THE 5TH
Ellenburg Fighting Dachsunds batting - Pitching for Nolensville Knights : LHP Freddy Estrada
Batting: LHB Mike Johnstone 0-0: Foul Ball, location: 2F
0-1: Swinging Strike
0-2: Ball
1-2: Ball
2-2: Strikes out swinging
Batting: RHB Sze Qi 0-0: Ball
1-0: Ball
2-0: Foul Ball, location: 2F
2-1: Ball
3-1: Called Strike
3-2: SINGLE (Line Drive, 9LS, EV 105.0 MPH)
Batting: LHB Eric Manchester 0-0: Foul Ball, location: 2F
0-1: Ball
1-1: Ground out 4-3 (Groundball, 4S, EV 66.9 MPH)
Sze Qi to second
Batting: LHB Tony Worley 0-0: Fly out, F7 (Line Drive, 7, EV 99.4 MPH)
Bottom of the 5th over - 0 runs, 1 hit, 0 errors, 1 left on base; Nolensville 1 - Ellenburg 3
TOP OF THE 6TH
Nolensville Knights batting - Pitching for Ellenburg Fighting Dachsunds : LHP Zi-cheng Pei
Pitching: LHP Riley Evans
Batting: RHB Dale Goodman 0-0: Called Strike
0-1: Ball
1-1: Swinging Strike
1-2: Strikes out looking
Batting: RHB Nick McGhee 0-0: Called Strike
0-1: Ground out 1-3 (Groundball, 13S, EV 69.4 MPH)
Batting: RHB Dave Maxwell 0-0: Ball
1-0: Fly out, F3 (Line Drive, 3, EV 73.8 MPH)
Top of the 6th over - 0 runs, 0 hits, 0 errors, 0 left on base; Nolensville 1 - Ellenburg 3
BOTTOM OF THE 6TH
Ellenburg Fighting Dachsunds batting - Pitching for Nolensville Knights : LHP Freddy Estrada
Batting: RHB Dean Bush 0-0: Swinging Strike
0-1: Ball
1-1: Foul Ball, location: 2F
1-2: Ball
2-2: Ball
3-2: Foul Ball, location: 2F
3-2: Foul Ball, location: 2F
3-2: Foul Ball, location: 2F
3-2: Ground out 6-3 (Groundball, 6, EV 111.2 MPH)
Batting: RHB Alexander Conley 0-0: Ball
1-0: Swinging Strike
1-1: Fly out, F4 (Popup, 4MD, EV 53.8 MPH)
Batting: RHB Kent Potter 0-0: Ball
1-0: Called Strike
1-1: Ball
2-1: Ball
3-1: Called Strike
3-2: DOUBLE (Line Drive, 5D, EV 100.6 MPH)
Batting: LHB Javier Castro 0-0: Called Strike
0-1: Fly out, F7 (Flyball, 7D, EV 104.4 MPH)
Bottom of the 6th over - 0 runs, 1 hit, 0 errors, 1 left on base; Nolensville 1 - Ellenburg 3
TOP OF THE 7TH
Nolensville Knights batting - Pitching for Ellenburg Fighting Dachsunds : LHP Riley Evans
Now at 2B: Zhen-bang Kwan
Now in RF: Joseph Wallace
Batting: RHB Ace Felder 0-0: Fly out, F6 (Popup, 6MD, EV 54.4 MPH)
Batting: LHB Jorge Mateu 0-0: Ground out 5-3 (Groundball, 56, EV 92.5 MPH)
Batting: RHB Juan Perales 0-0: Ball
1-0: Called Strike
1-1: Ball
2-1: Ground out 6-3 (Groundball, 6, EV 85.0 MPH)
Top of the 7th over - 0 runs, 0 hits, 0 errors, 0 left on base; Nolensville 1 - Ellenburg 3
BOTTOM OF THE 7TH
Ellenburg Fighting Dachsunds batting - Pitching for Nolensville Knights : LHP Freddy Estrada
Batting: LHB Joseph Wallace 0-0: SINGLE (Groundball, 4MD, EV 98.1 MPH)
Pitching: LHP Ken French
Batting: LHB Mike Johnstone 0-0: Ball
1-0: Called Strike
1-1: Foul Ball, location: 2F
1-2: Foul Ball, location: 2F
1-2: Hit by Pitch
Joseph Wallace to second
Batting: RHB Sze Qi 0-0: Ball
1-0: Ball
2-0: Called Strike
2-1: Foul Ball, location: 2F
2-2: Strikes out swinging
Batting: LHB Eric Manchester 0-0: Called Strike
0-1: Foul Ball, location: 2F
0-2: Ball
1-2: SINGLE (Groundball, 56D, EV 98.8 MPH)
Joseph Wallace to third
Mike Johnstone to second
Runner from 3rd tries for Home, SAFE, no throw by LF
Batting: LHB Tony Worley 0-0: Foul Ball, location: 2F
0-1: Ball
1-1: Ball
2-1: SINGLE (Groundball, 34D, EV 94.4 MPH)
Mike Johnstone to third
Eric Manchester to second
Runner from 3rd tries for Home, SAFE, throw by RF to home
Batting: RHB Dean Bush 0-0: Called Strike
0-1: Called Strike
0-2: Ball
1-2: Fly out, F8 (Line Drive, 8LM, EV 95.0 MPH)
Batting: RHB Alexander Conley 0-0: Foul Ball, location: 2F
0-1: Ball
1-1: Called Strike
1-2: SINGLE (Groundball, 34D, EV 103.8 MPH)
Eric Manchester to third
Tony Worley to second
Runner from 3rd tries for Home, SAFE, throw by RF to home
Batting: RHB Kent Potter 0-0: DOUBLE (Line Drive, 9LM, EV 101.9 MPH)
Tony Worley scores
Alexander Conley to third
Runner from 3rd tries for Home, SAFE, throw by RF to home
Pitching: RHP Donnie Rawling
Batting: RHB Zhen-bang Kwan 0-0: Called Strike
0-1: Ball
1-1: SINGLE (Line Drive, 9LM, EV 106.9 MPH)
Kent Potter to third
Runner from 3rd tries for Home, SAFE, throw by RF to home
Zhen-bang Kwan to second
Batting: LHB Joseph Wallace 0-0: Called Strike
0-1: Ball
1-1: Swinging Strike
1-2: Fly out, F5 (Popup, 25F, EV 73.8 MPH)
Bottom of the 7th over - 6 runs, 6 hits, 0 errors, 1 left on base; Nolensville 1 - Ellenburg 9
TOP OF THE 8TH
Nolensville Knights batting - Pitching for Ellenburg Fighting Dachsunds : LHP Riley Evans
Pinch Hitting: LHB Brenton Winston 0-0: Ball
1-0: Ball
2-0: Ball
3-0: Called Strike
3-1: Ground out 6-3 (Groundball, 6, EV 97.5 MPH)
Pinch Hitting: RHB Richard Theunen 0-0: Called Strike
0-1: Ground out U3 (Groundball, 3S, EV 85.0 MPH)
Pinch Hitting: LHB Mitchell Pate 0-0: Foul Ball, location: 2F
0-1: Called Strike
0-2: Ball
1-2: Strikes out swinging
Top of the 8th over - 0 runs, 0 hits, 0 errors, 0 left on base; Nolensville 1 - Ellenburg 9
BOTTOM OF THE 8TH
Ellenburg Fighting Dachsunds batting - Pitching for Nolensville Knights : RHP Donnie Rawling
Now at 3B: Richard Theunen
Now in CF: Brenton Winston
Now in RF: Mitchell Pate
Batting: LHB Mike Johnstone 0-0: Foul Ball, location: 2F
0-1: Swinging Strike
0-2: Ball
1-2: Ball
2-2: Ball
3-2: SINGLE (Line Drive, 8RS, EV 94.4 MPH)
Batting: RHB Sze Qi 0-0: Ball
1-0: Hit by Pitch
Mike Johnstone to second
Batting: LHB Eric Manchester 0-0: Ball
1-0: Swinging Strike
1-1: Foul Ball, location: 2F
1-2: Foul Ball, location: 2F
1-2: Ball
2-2: Foul Ball, location: 2F
2-2: Grounds out, U3 (Groundball, 3L, EV 96.2 MPH)
Mike Johnstone to third
Batting: LHB Tony Worley 0-0: Ball
1-0: Ball
2-0: SINGLE (Line Drive, 78M, EV 85.0 MPH)
Mike Johnstone scores
Sze Qi to third
Batting: RHB Dean Bush 0-0: Ball
1-0: Fly out, F9 (Flyball, 9S, EV 86.2 MPH)
Batting: RHB Alexander Conley 0-0: Foul Ball, location: 2F
0-1: Foul Ball, location: 2F
0-2: Ball
1-2: TRIPLE (Line Drive, 78XD, EV 105.6 MPH)
Sze Qi scores
Tony Worley scores
Batting: RHB Kent Potter 0-0: Called Strike
0-1: Foul Ball, location: 2F
0-2: Ball
1-2: DOUBLE (Line Drive, 3D, EV 105.6 MPH)
Alexander Conley scores
Batting: RHB Zhen-bang Kwan 0-0: Swinging Strike
0-1: Ball
1-1: SINGLE (Groundball, 56S, EV 72.5 MPH) (infield hit)
Kent Potter to third
Batting: LHB Joseph Wallace 0-0: Foul Ball, location: 2F
0-1: Fly out, F7 (Flyball, 78S, EV 80.0 MPH)
Bottom of the 8th over - 4 runs, 5 hits, 0 errors, 2 left on base; Nolensville 1 - Ellenburg 13
TOP OF THE 9TH
Nolensville Knights batting - Pitching for Ellenburg Fighting Dachsunds : LHP Riley Evans
Pinch Hitting: LHB António Escobeda 0-0: Ball
1-0: Swinging Strike
1-1: Called Strike
1-2: SINGLE (Line Drive, 9LS, EV 103.8 MPH)
Batting: RHB Nick McGhee 0-0: Ball
1-0: SINGLE (Line Drive, 4MD, EV 103.8 MPH)
António Escobeda to second
Pinch Hitting: RHB José García 0-0: Foul Ball, location: 2F
0-1: Called Strike
0-2: Grounds into double play, 4-6-3 (Groundball, 34, EV 86.9 MPH)
António Escobeda to third
Batting: RHB Ace Felder 0-0: Ball
1-0: Ball
2-0: Called Strike
2-1: Swinging Strike
2-2: Foul Ball, location: 2F
2-2: Fly out, F8 (Line Drive, 8RD, EV 90.0 MPH)
Top of the 9th over - 0 runs, 2 hits, 0 errors, 1 left on base; Nolensville 1 - Ellenburg 13
Friday, March 26th, 2021 - OOTP Baseball 20.8 Build 74